 Dungeon Crawl Stone Soup version 0.25-a0-510-ge065f6de7d (webtiles) character file.

Game seed: 9287320413419201167, levelgen mode: deterministic

50 ReteAZ the Thaumaturge (level 3, -1/25 HPs)
             Began as a Gnoll Wanderer on Feb 15, 2020.
             Slain by a hobgoblin
             ... wielding a +0 club
              (2 damage)
             ... on level 2 of the Dungeon.
             The game lasted 00:02:28 (1242 turns).

ReteAZ the Thaumaturge (Gnoll Wanderer)             Turns: 1242, Time: 00:02:29

Health: -1/25      AC:  3    Str: 18    XL:     3   Next: 79%
Magic:  0/13       EV: 11    Int: 12    God:
Gold:   82         SH:  0    Dex: 13    Spells: 19/20 levels left

rFire    . . .     SeeInvis .   g - +0 whip
rCold    . . .     Gourm    .   (no shield)
rNeg     . . .     Faith    .   d - +0 robe
rPois    .         Spirit   .   (no helmet)
rElec    .         Reflect  .   (no cloak)
rCorr    .         Harm     .   (no gloves)
MR       .....                  j - +0 pair of boots
Stlth    ++........             (no amulet)
HPRegen  0.08/turn              (no ring)
MPRegen  0.13/turn              (no ring)

@: no status effects
A: distributed training, fangs 1, strong nose
a: no special abilities


You were on level 2 of the Dungeon.
You were not hungry.

You visited 1 branch of the dungeon, and saw 2 of its levels.

You collected 82 gold pieces.

Inventory:

Hand Weapons
 a - a +0 club
 g - a +0 whip (weapon)
Armour
 d - a +0 robe (worn)
 j - a +0 pair of boots (worn)
Scrolls
 c - 2 scrolls of teleportation
 e - 3 scrolls of identify {unknown}
Potions
 b - a potion of mutation {unknown}
 h - a potion of berserk rage {unknown}
 i - a potion of curing {unknown}
Comestibles
 f - 2 rations
 k - 2 chunks of flesh


   Skills:
 + Level 0.9 Fighting
 + Level 0.9 Short Blades
 + Level 0.9 Long Blades
 + Level 0.9 Axes
 + Level 0.9 Maces & Flails
 + Level 0.9 Polearms
 + Level 0.9 Staves
 + Level 0.9 Slings
 + Level 0.9 Bows
 + Level 0.9 Crossbows
 + Level 0.9 Throwing
 + Level 0.9 Armour
 + Level 0.9 Dodging
 + Level 0.9 Stealth
 + Level 2.6 Shields
 + Level 0.9 Unarmed Combat
 + Level 9.3 Spellcasting
 + Level 0.6 Conjurations
 + Level 0.6 Hexes
 + Level 0.6 Charms
 + Level 0.6 Summonings
 + Level 5.4 Necromancy
 + Level 0.6 Translocations
 + Level 0.6 Transmutations
 + Level 0.6 Fire Magic
 + Level 2.1 Ice Magic
 + Level 0.6 Air Magic
 + Level 0.6 Earth Magic
 + Level 0.6 Poison Magic
 + Level 1.0 Invocations
 + Level 2.6 Evocations


You had 19 spell levels left.
You knew the following spells:

 Your Spells              Type           Power        Failure   Level  Hunger
a - Pain                  Necr           ###.         1%          1    None

Your spell library contained the following spells:

 Spells                   Type           Power        Failure   Level  Hunger
 Animate Skeleton         Necr           N/A          1%          1    None
 Vampiric Draining        Necr           ###.......   4%          3    ##.....
 Foxfire                  Conj/Fire      #...         10%         1    None
 Animate Dead             Necr           N/A          14%         4    ####...
 Inner Flame              Hex/Fire       #.......     30%         3    ##.....
 Agony                    Necr           ###.....     36%         5    #####..


Dungeon Overview and Level Annotations

Branches:
Dungeon (2/15)

Altars:


Innate Abilities, Weirdness & Mutations

Your experience applies equally to all skills.
You have very sharp teeth.
Your uncanny sense of smell can sniff out nearby items.


Message History

Casting: Pain (safe; 1% risk of failure)
Confirm with . or Enter, or press ? or * to list all spells.
Aiming: Pain (safe; 1% risk of failure)
Press: ? - help, Shift-Dir - straight line, f/p - adder
Aim: an adder (almost dead, chance to defeat MR: 84%)
The adder writhes in agony.
You kill the adder!
Casting: Pain (safe; 1% risk of failure)
Confirm with . or Enter, or press ? or * to list all spells.
Aiming: Pain (safe; 1% risk of failure)
Press: ? - help, Shift-Dir - straight line, f - hobgoblin
Aim: a hobgoblin, wielding a +0 club (chance to defeat MR: 89%)
The hobgoblin barely resists.
The hobgoblin misses you.
Casting: Pain (safe; 1% risk of failure)
Confirm with . or Enter, or press ? or * to list all spells.
Aiming: Pain (safe; 1% risk of failure)
Press: ? - help, Shift-Dir - straight line, f/p - hobgoblin
Aim: a hobgoblin, wielding a +0 club (chance to defeat MR: 89%)
The hobgoblin writhes in agony.
The hobgoblin hits you with a +0 club.
You die...

..... ## ....... #. ....... #<
......## ### ###. ###.#...#
#.# #... ....†.#.# #.## #.#.
..$.....### ####..# ###.#.
........(.#######.....# #...#.
.......(#(.)g@......#.###.###.
.........########...#.....# #.
......S...#######..##..#### #.
................#..###.# .
.....K.##.#####....# #.#
....g.# #.######...###...
..###. #.##.....÷......# .. ..
#................ ..
##................


You could see a hobgoblin.

Vanquished Creatures
  2 adders (D:2)
  A dart slug (D:2)
  A leopard gecko (D:1)
  4 goblins
  5 hobgoblins
  4 jackals (D:1)
  3 frilled lizards
  6 kobolds
  3 rats
29 creatures vanquished.

Notes
Turn   | Place    | Note
-------+----------+-------------------------------------------
     0 | D:1      | Reached skill level 9 in Spellcasting
     0 | D:1      | ReteAZ the Gnoll Wanderer began the quest for the Orb.
     0 | D:1      | ReteAZ set off with the following items: a +0 club, a
                  | scroll of teleportation, a +0 robe, a ration; and the
                  | following spells available to memorise: Animate Skeleton,
                  | Pain, Vampiric Draining, Foxfire, Animate Dead, Inner
                  | Flame, Agony
     0 | D:1      | Reached XP level 1. HP: 13/13 MP: 10/10
     7 | D:1      | Learned a level 1 spell: Pain
   420 | D:1      | Reached XP level 2. HP: 18/19 MP: 12/12
  1189 | D:2      | Reached XP level 3. HP: 25/25 MP: 13/13
  1233 | D:2      | Reached skill level 1 in Invocations
  1238 | D:2      | HP: 1/25 [adder (2)]
  1242 | D:2      | Slain by a hobgoblin

Levels and vault maps discovered:
D:1:      minmay_arrival_stone_box, layout_basic, serial_glass, glass_columns_a,
          glass_columns_a, glass_columns_a, glass_columns_a
D:2:      layout_rooms, first_ration, minmay_pentomino_o2

Skill      XL: |  1  2  3 |
---------------+----------+-----
Spellcasting   | |  9.3
Ice Magic      | 2 |  2.1
Invocations    | 1 |  1.0
Fighting       | |  0.9
Short Blades   | |  0.9
Long Blades    | |  0.9
Axes           | |  0.9
Maces & Flails | |  0.9
Polearms       | |  0.9
Staves         | |  0.9
Slings         | |  0.9
Bows           | |  0.9
Crossbows      | |  0.9
Throwing       | |  0.9
Armour         | |  0.9
Dodging        | |  0.9
Stealth        | |  0.9
Shields        | |  2.6
Unarmed Combat | |  0.9
Conjurations   | |  0.6
Hexes          | |  0.6
Charms         | |  0.6
Summonings     | |  0.6
Necromancy     | |  5.4
Translocations | |  0.6
Transmutations | |  0.6
Fire Magic     | |  0.6
Air Magic      | |  0.6
Earth Magic    | |  0.6
Poison Magic   | |  0.6
Evocations     | |  2.6

Action                   || total
-------------------------++-------
Melee: Club              ||     2
       Whip              ||    11
       Bite              ||     1
 Cast: Pain              ||    45
 Stab: Sleeping          ||     1
  Eat: Chunk             ||     1
Armor: Robe              ||     2
Dodge: Dodged            ||    24

Table legend:
 A = Non-vault XP
 B = Vault XP
 C = Vault XP percentage of total XP
 D = Non-vault monster count
 E = Vault monster count
 F = Vault count percentage of total count
                 A         B        C        D         E       F
            +---------+---------+-------+---------+---------+-------
      Total |      72 |       0 |   0.0 |      29 |       0 |   0.0
            +---------+---------+-------+---------+---------+-------
        D:1 |      32 |       0 |   0.0 |      19 |       0 |   0.0
        D:2 |      40 |       0 |   0.0 |      10 |       0 |   0.0
            +---------+---------+-------+---------+---------+-------
